 Dungeon Crawl Stone Soup version 0.29.0-13-gc9e81de378 (webtiles) character file.

Game seed: 9380537037718305522

47996 groovy9 the Bludgeoner (level 14, -7/119 HPs)
             Began as a Minotaur Berserker on Sept 8, 2022.
             Was an Initiate of Trog.
             Mangled by a wolf spider (8 damage)
             ... on level 2 of the Spider Nest.
             The game lasted 01:18:22 (20085 turns).

groovy9 the Bludgeoner (Minotaur Berserker)        Turns: 20085, Time: 01:18:22

Health: -7/119     AC: 14    Str: 26    XL:     14   Next: 10%
Magic:  13/13      EV: 12    Int:  2    God:    Trog [......]
Gold:   1072       SH: 18    Dex: 13    Spells: 13/13 levels left

rFire   . . .      SeeInvis +   k - +2 flail (flame)
rCold   . . .      Faith    .   O - +2 tower shield {AC+3}
rNeg    + . .      Spirit   .   y - +1 scale mail of Osmaf {rN+ Will+ rCorr Dex+2}
rPois   .          Reflect  .   (helmet restricted)
rElec   +          Harm     .   D - +0 cloak
rCorr   +          Rampage  .   g - +1 pair of gloves
Will    ++...                   C - +2 pair of boots
Stlth   ..........              (no amulet)
HPRegen 0.29/turn               d - +4 ring of evasion
MPRegen 0.13/turn               F - ring of see invisible

@: lethally poisoned (-7 -> -15), marked, spiked, corroded, hasted and slowed,
studying Long Blades
A: horns 2, retaliatory headbutt, dopey 1, frail 1, electricity resistance,
inability to drink after injury 1
a: Renounce Religion


You were on level 2 of the Spider Nest.
You worshipped Trog.
Trog was noncommittal.
You visited 6 branches of the dungeon, and saw 19 of its levels.

You collected 1275 gold pieces.
You spent 203 gold pieces at shops.

Inventory:

Hand Weapons
 b - the +6 spear of Hospitality {antimagic, rElec rF+ Dex+3 Stlth-}
   (You found it on level 3 of the Dungeon)

   It reduces the magical energy of the wielder, and disrupts the spells and
   magical abilities of those it strikes.
   Natural abilities and divine invocations are not affected.
   Dex:       It affects your dexterity (+3).
   rF:        It protects you from fire.
   rElec:     It insulates you from electricity.
   Stlth:     It makes you less stealthy.
 k - a +2 flail of flaming (weapon)
Missiles
 i - 3 boomerangs (quivered)
 G - a throwing net
Armour
 g - a +1 pair of gloves (worn)
 y - the +1 scale mail of Osmaf (worn) {rN+ Will+ rCorr Dex+2}
   (You found it on level 7 of the Dungeon)

   Dex:       It affects your dexterity (+2).
   rN:        It protects you from negative energy.
   rCorr:     It protects you from acid and corrosion.
   Will:      It increases your willpower.
 C - a +2 pair of boots (worn)
 D - a +0 cloak (worn)
 O - a +2 tower shield of protection (worn)
 P - quicksilver dragon scales
Jewellery
 d - a +4 ring of evasion (left hand)
 o - a ring of flight
 F - a ring of see invisible (right hand)
 H - a ring of magical power
Wands
 f - a wand of flame (17)
 l - a wand of charming (23)
 w - a wand of mindburst (18)
 B - a wand of iceblast (11)
 I - a wand of light (8)
 M - a wand of polymorph (15)
Scrolls
 e - 2 scrolls of magic mapping
 h - 3 scrolls of butterflies
 m - 3 scrolls of fear
 n - 3 scrolls of poison
 p - 2 scrolls of immolation
 r - a scroll of noise
 u - 2 scrolls of identify
 L - a scroll of enchant armour {unknown}
Potions
 a - 3 potions of might
 c - 6 potions of curing
 j - 2 potions of heal wounds
 s - a potion of attraction
 t - 2 potions of flight
 v - a potion of lignification
 x - 3 potions of mutation
 z - 2 potions of berserk rage
 A - 2 potions of magic
 E - 2 potions of cancellation
 J - a potion of brilliance
 N - 4 potions of ambrosia


   Skills:
 - Level 14.9 Fighting
 - Level 16.1 Maces & Flails
 - Level 4.7 Polearms
 - Level 14.7 Armour
 - Level 2.1 Dodging
 * Level 10.3 Shields
 - Level 7.5 Evocations


You had 13 spell levels left.
You didn't know any spells.
Your spell library was empty.

Dungeon Overview and Level Annotations

Branches:
Dungeon (11/15)            Temple (1/1) D:6            Lair (2/5) D:8
  Swamp (0/4) Lair:2       Spider (2/4) Lair:2          Orc (2/2) D:10
    Elf (1/3) Orc:2

Altars:
Ashenzari
Cheibriados
Fedhas
Kikubaaqudgha
Ru
Trog
Vehumet
Wu Jian
Yredelemnul

Shops:
D:1 !   D:2 [   D:4 *   D:5 =   D:9 *   Orc:1 *   Orc:2 ![(=

Annotations:
Spider:1 exclusion: 2 oklob plants


Innate Abilities, Weirdness & Mutations

You have a pair of horns on your head.
You reflexively headbutt those who attack you in melee.
You are dopey. (Int -2)
You are frail. (-10% HP)
You are resistant to electric shocks. (rElec)
You occasionally lose the ability to drink potions when taking damage.


Message History

You feel very sick.
You block the entropy weaver's attack. x2; The entropy weaver hits you.
* * * LOW HITPOINT WARNING * * *
The entropy weaver closely misses you. The steelbarb worm misses you.
The wolf spider hits you.
* * * LOW HITPOINT WARNING * * *
The wolf spider bites you but does no damage.
Being near the torpor snail leaves you feeling lethargic.
You block the redback's attack.
The wolf spider hits you but does no damage.
The wolf spider bites you but does no damage.
You feel much better.
You feel very sick.
The entropy weaver hits you but does no damage.
The entropy weaver hits you. You block the entropy weaver's attack.
The entropy weaver hits you but does no damage.
A redback comes into view.
You block the wolf spider's attack. x2; The steelbarb worm hits you.
* * * LOW HITPOINT WARNING * * *
Barbed spikes become lodged in your body.
The redback barely misses you. The wolf spider hits you!
* * * LOW HITPOINT WARNING * * *
You block the wolf spider's attack.
The barbs in your skin will harm you if you move.
Continue?
The entropy weaver attacks as you move away!
You block the entropy weaver's attack.
The entropy weaver hits you but does no damage.
You block the entropy weaver's attack. x2
The wolf spider attacks as you move away!
The wolf spider hits you!
* * * LOW HITPOINT WARNING * * *
The wolf spider bites you but does no damage.
The barbed spikes dig painfully into your body as you move.
* * * LOW HITPOINT WARNING * * *
x2 You feel very sick.
The redback bites you but does no damage.
The entropy weaver points at you and mumbles some strange words.
The entropic weave corrodes you! The steelbarb worm barely misses you.
The wolf spider hits you!
You die...

#.. #..## .
^.##?...
.....##...
#..#...^..
.^.....(..##
#......##.#####
#^...w#ws....^#
#.....@sss....#
...#.##.sB#...##
#..B.s...#
#..#^#..##
##......###
#..$#....##
#..!......#
#..<....#.
#...#..#s..#


You could see a radroach, an entropy weaver, a steelbarb worm, a torpor snail, 3
wolf spiders, an orb spider and 2 redbacks.

Vanquished Creatures
  Donald (Orc:1)
  A dire elephant (Lair:2)
  2 entropy weavers
  Josephine (D:10)
  Erolcha (Orc:2)
  Erica (Orc:1)
  A catoblepas (Lair:2)
  A death knight (D:9)
  6 two-headed ogres
  2 orc high priests
  The ghost of greenreed the Thaumaturge, a novice DrEE of Hepliaklqana (D:9)
  Urug (Orc:1)
  Nergalle (D:10)
  A pharaoh ant (Spider:1)
  Amaemon (Lair:1)
  A skeletal warrior (D:9)
  4 orb spiders (Spider:1)
  A steelbarb worm (Spider:1)
  9 orc sorcerers (Orc:2)
  A wolf spider (Spider:1)
  An orc knight (D:10)
  A cyclops (Orc:2)
  A moth of wrath (Spider:1)
  An ugly thing (D:7)
  Joseph (D:9)
  2 gargoyles
  An orange demon (Lair:1)
  Maggie (D:6)
  A rime drake (Lair:1)
  3 cane toads
  A demonic crawler (Spider:1)
  Psyche (D:10)
  3 kobold demonologists (D:10)
  A freezing wraith (D:9)
  A komodo dragon (Lair:2)
  3 trolls
  A queen bee (Lair:2)
  3 tarantellas (Spider:1)
  11 blink frogs
  A shadow (D:9)
  12 culicivoras
  14 jumping spiders
  5 wraiths
  2 wyverns
  A basilisk (Lair:1)
  10 yaks
  10 redbacks
  3 steam dragons
  2 wargs (Orc:2)
  Edmund (D:4)
  3 acid dragons
  2 water moccasins
  2 hell hounds (Lair:2)
  16 orc warriors
  2 black bears
  An ice beast (D:5)
  3 sky beasts
  4 wolves (Lair:1)
  5 centaurs
  4 ogres
  6 kobold brigands
  2 gnoll sergeants (D:5)
  10 bullfrogs
  5 scorpions
  A necrophage (D:6)
  15 wights
  29 killer bees
  5 howler monkeys
  2 jellies (D:5)
  4 hounds
  7 orc priests
  Jessica (D:2)
  Terence (D:2)
  Natasha (thrice) (D:2)
  2 iguanas
  27 orc wizards
  Robin (D:4)
  4 adders
  7 gnolls
  2 shadow imps
  3 white imps
  An ufetubus (D:6)
  3 dart slugs
  44 orcs
  8 ball pythons
  11 endoplasms
  5 giant cockroaches
  22 goblins
  7 hobgoblins
  8 jackals
  3 quokkas
  3 bats
  8 frilled lizards
  28 kobolds
  5 rats
472 creatures vanquished.

Vanquished Creatures (others)
  Maurice (D:9)
  A tarantella (Spider:2)
  A wight (D:9)
  An orc wizard (Orc:2)
  2 kobolds (D:9)
  19 fungi
  18 plants
  3 withered plants (D:1)
46 creatures vanquished.

Grand Total: 518 creatures vanquished

Notes
Turn   | Place    | Note
-------+----------+-------------------------------------------
     0 | D:1      | groovy9 the Minotaur Berserker began the quest for the Orb.
     0 | D:1      | Reached XP level 1. HP: 19/19 MP: 0/0
    37 | D:1      | Reached skill level 4 in Maces & Flails
   152 | D:1      | Reached XP level 2. HP: 25/26 MP: 1/1
   281 | D:1      | Found a faded altar of an unknown god.
   373 | D:1      | Found Idocin's Distillery.
   569 | D:1      | Reached skill level 5 in Maces & Flails
   599 | D:1      | Reached ** piety under Trog
   600 | D:1      | Reached XP level 3. HP: 15/31 MP: 2/2
  1466 | D:2      | Noticed Jessica
  1477 | D:2      | Killed Jessica
  1478 | D:2      | Reached skill level 6 in Maces & Flails
  1478 | D:2      | Reached XP level 4. HP: 35/39 MP: 3/3
  1722 | D:2      | Noticed Natasha
  1732 | D:2      | Killed Natasha
  1862 | D:2      | Noticed Terence
  1875 | D:2      | Killed Terence
  2015 | D:2      | Found Rusutuof's Armour Emporium.
  2077 | D:2      | Noticed Natasha
  2085 | D:2      | Killed Natasha
  2086 | D:2      | Reached skill level 7 in Maces & Flails
  2086 | D:2      | Reached XP level 5. HP: 45/45 MP: 4/4
  2110 | D:2      | Noticed Natasha
  2118 | D:2      | Killed Natasha
  2232 | D:2      | Identified the +1 robe of the Exiled Runes {Int+2 Dex+4
                  | Slay-3}
  2388 | D:2      | Gained mutation: You have sharp toenails. [potion of
                  | mutation]
  2389 | D:2      | Reached skill level 15 in Maces & Flails
  2389 | D:2      | Reached XP level 6. HP: 51/51 MP: 5/5
  2494 | D:3      | Identified the +6 spear of Hospitality {antimagic, rElec
                  | rF+ Dex+3 Stlth-}
  2741 | D:3      | You fall into a shaft and drop 2 floors!
  2741 | D:5      | Entered Level 5 of the Dungeon
  2744 | D:5      | Found a radiant altar of Vehumet.
  2759 | D:5      | Reached skill level 1 in Polearms
  2906 | D:5      | Reached XP level 7. HP: 43/59 MP: 2/6
  3045 | D:4      | Reached *** piety under Trog
  3098 | D:4      | Noticed Robin
  3110 | D:4      | Killed Robin
  3207 | D:4      | Noticed Edmund
  3222 | D:4      | Killed Edmund
  3417 | D:4      | Found Pallok's Elemental Accessories.
  3572 | D:4      | Reached XP level 8. HP: 64/67 MP: 2/7
  3888 | D:5      | Reached skill level 5 in Fighting
  4275 | D:5      | Found Tohagri's Jewellery Shoppe.
  4730 | D:6      | Reached skill level 1 in Evocations
  4891 | D:6      | Reached **** piety under Trog
  4926 | D:6      | Reached skill level 5 in Armour
  4932 | D:6      | Reached XP level 9. HP: 69/75 MP: 8/8
  4995 | D:6      | Found a broken altar of Ashenzari.
  5373 | D:6      | Found a sacrificial altar of Ru.
  5474 | D:6      | Noticed Maggie
  5484 | D:6      | Killed Maggie
  5800 | D:6      | Found a staircase to the Ecumenical Temple.
  5811 | Temple   | Entered the Ecumenical Temple
  6097 | D:7      | Found a flagged portal.
  6175 | D:7      | Noticed a gargoyle
  6187 | D:7      | Killed a gargoyle
  6231 | D:7      | Noticed a purple ugly thing
  6240 | D:7      | Killed a purple ugly thing
  6362 | D:7      | Identified the +1 scale mail of Osmaf {rN+ Will+ rCorr
                  | Dex+2}
  6641 | D:7      | Reached XP level 10. HP: 81/86 MP: 9/9
  7197 | D:8      | Noticed a two-headed ogre
  7211 | D:8      | Killed a two-headed ogre
  7335 | D:8      | Noticed a two-headed ogre
  7342 | D:8      | Killed a two-headed ogre
  7792 | D:8      | Found a staircase to the Lair.
  7886 | Lair:1   | Entered Level 1 of the Lair of Beasts
  7915 | D:9      | Noticed greenreed's ghost (novice DrEE)
  7926 | D:9      | Reached skill level 5 in Evocations
  8149 | D:9      | Found a runed translucent door.
  8224 | D:9      | Found Lieqot's General Store.
  8245 | D:9      | Killed greenreed's ghost
  8313 | D:9      | Bought a potion of heal wounds for 70 gold pieces
  8313 | D:9      | Bought a scroll of brand weapon for 133 gold pieces
  8375 | D:9      | Noticed a two-headed ogre
  8380 | D:9      | Killed a two-headed ogre
  8381 | D:9      | Reached XP level 11. HP: 97/97 MP: 10/10
  8403 | D:9      | Lost mutation: You have sharp toenails. [potion of
                  | mutation]
  8403 | D:9      | Gained mutation: You are resistant to electric shocks.
                  | (rElec) [potion of mutation]
  8448 | D:9      | Noticed Joseph
  8449 | D:9      | Noticed Maurice
  8456 | D:9      | Killed Maurice
  8467 | D:9      | Killed Joseph
  8779 | D:9      | Reached ***** piety under Trog
  8990 | D:9      | Noticed a death knight
  9002 | D:9      | Killed a death knight
  9317 | D:9      | Noticed a skeletal warrior
  9333 | D:9      | Killed a skeletal warrior
  9334 | D:9      | Reached skill level 10 in Fighting
  9485 | D:10     | Entered Level 10 of the Dungeon
  9502 | D:10     | Noticed Psyche
  9520 | D:10     | Killed Psyche
  9663 | D:10     | Identified the +1 leather armour of the Distant Future {rF+
                  | rC+}
  9932 | D:10     | Noticed a two-headed ogre
  9940 | D:10     | Killed a two-headed ogre
  9941 | D:10     | Reached skill level 10 in Armour
 10070 | D:10     | Noticed a two-headed ogre
 10076 | D:10     | Killed a two-headed ogre
 10217 | D:10     | Gained mutation: You occasionally lose the ability to drink
                  | potions when taking damage. [a neqoxec]
 10337 | D:10     | Found a staircase to the Orcish Mines.
 10429 | D:10     | Noticed Nergalle
 10440 | D:10     | Killed Nergalle
 10518 | D:10     | Noticed Josephine
 10527 | D:10     | Killed Josephine
 10533 | D:10     | Reached XP level 12. HP: 111/111 MP: 11/11
 10857 | Orc:1    | Entered Level 1 of the Orcish Mines
 11521 | Orc:1    | Found Inimi Lya's Assorted Antiques.
 11524 | Orc:1    | Noticed an orc high priest
 11595 | Orc:1    | Killed an orc high priest
 11668 | Orc:1    | Noticed Urug
 11686 | Orc:1    | Killed Urug
 11961 | Orc:1    | Noticed Erica
 11968 | Orc:1    | Killed Erica
 12075 | Orc:2    | Entered Level 2 of the Orcish Mines
 12075 | Orc:2    | Noticed Donald
 12075 | Orc:2    | Noticed a two-headed ogre
 12075 | Orc:2    | Found a staircase to the Elven Halls.
 12087 | Orc:1    | Killed a two-headed ogre
 12134 | Orc:1    | Killed Donald
 12485 | Orc:2    | Found Fueruz's Distillery.
 12609 | Orc:2    | Found an ancient bone altar of Kikubaaqudgha.
 12917 | Orc:2    | Found Fasmaps's Antique Armour Shop.
 12933 | Orc:2    | Noticed Erolcha
 12935 | Orc:2    | Found a radiant altar of Vehumet.
 12950 | Orc:2    | Killed Erolcha
 13185 | Orc:2    | Found Durorauh's Antique Weapon Boutique.
 13194 | Orc:2    | Found Xujagyol's Jewellery Boutique.
 13371 | Orc:2    | Noticed an orc high priest
 13422 | Orc:2    | Gained mutation: You are frail. (-10% HP) [a neqoxec]
 13425 | Orc:2    | Killed an orc high priest
 13444 | Orc:2    | Reached XP level 13. HP: 111/111 MP: 12/12
 13774 | Elf:1    | Entered Level 1 of the Elven Halls
 14111 | Lair:1   | Noticed Amaemon
 14125 | Lair:1   | Killed Amaemon
 15381 | Lair:2   | Found a staircase to the Swamp.
 15475 | Lair:2   | Noticed a dire elephant
 15489 | Lair:2   | Killed a dire elephant
 15490 | Lair:2   | Reached skill level 16 in Maces & Flails
 15693 | Lair:2   | Found a dark tunnel.
 16101 | Lair:2   | Reached skill level 1 in Shields
 16829 | Lair:2   | Found a hole to the Spider Nest.
 17297 | Lair:2   | Reached skill level 5 in Shields
 17469 | Spider:1 | Entered Level 1 of the Spider Nest
 17688 | Lair:2   | Identified the +8 whip of Lileneak {pain, Contam rElec rN++
                  | Str+8}
 17764 | Spider:1 | Noticed an entropy weaver
 18027 | Lair:2   | Killed an entropy weaver
 18414 | Spider:1 | Gained mutation: You are dopey. (Int -2) [mutagenic glow]
 18771 | Spider:1 | Noticed an entropy weaver
 18782 | Spider:1 | Killed an entropy weaver
 19333 | Spider:1 | Reached XP level 14. HP: 73/119 MP: 13/13
 19725 | Spider:1 | Reached skill level 10 in Shields
 19759 | Spider:1 | Noticed an emperor scorpion
 20085 | Spider:2 | HP: 3/119 [barbs]
 20085 | Spider:2 | HP: 1/119 [poisoned by a wolf spider]
 20085 | Spider:2 | Mangled by a wolf spider

Illustrated notes

Levels and vault maps discovered:
D:1:      amcnicky_arrival_blooded_trapdoor, layout_loops_ring,
          ebering_ecumenical_altar_petrified, serial_shops, shop_statue,
          minmay_lizard_pond
D:2:      layout_basic, serial_shops, nicolae_shop_waterfront,
          kennysheep_minor_cross, uniq_natasha, uniq_jessica, uniq_terence
D:3:      minmay_chambers_of_twos, layout_basic, ebering_dispersal_statue_hall,
          minivault_19, mrwooster_statue_mirror
D:4:      layout_gridville, nicolae_elemental_shop, uniq_robin, uniq_edmund
D:5:      layout_basic, nicolae_vehumet_altar_sigil, serial_shops,
          nicolae_shop_behind_doors, serial_bayou_lagoon_b
D:6:      layout_basic, mainiacjoe_overflow_brackets, lemuel_crystal_altar,
          minmay_temple_entry_glassed_door, uniq_maggie
D:7:      minmay_cornered_nines, layout_cave_pools, enter_bailey_3,
          minmay_misc_feat_x, minmay_manual_moon
D:8:      layout_rooms, grunt_lair_entry_orc_guard_hut, minmay_diced_spiral
D:9:      layout_irregular_city, hellmonk_ghost_happy_afterlife, serial_shops,
          nicolae_shop_temple_entry_statues_fountains,
          hangedman_minor_gate_pass, uniq_joseph, uniq_maurice
D:10:     layout_loops_ring, david_orc_3, uniq_psyche, uniq_nergalle,
          uniq_josephine
D:11:     layout_gridville, nicolae_ashenzari_panopticon, uniq_snorg
Temple:   compressed_dpeg_triangle_lava_temple
Lair:1:   layout_regular_city, uniq_amaemon
Lair:2:   layout_roguey [special_room_bee], swamp_mist_pool,
          nicolae_spider_entry_tight_spaces, enter_volcano_3,
          nicolae_lair_grazing_beasts [nicolae_sub_lair_graze_edge,
          nicolae_sub_lair_graze_edge, nicolae_sub_lair_graze_edge,
          nicolae_sub_lair_graze_edge], lemuel_fruit_fields
Spider:1: spider_temple_joshua, ebering_ghost_inner_flame
Spider:2: layout_spider_delve, nicolae_spider_webbed_stairs
Orc:1:    layout_caves, serial_shops, nicolae_shop_crystal, uniq_erica,
          uniq_urug
Orc:2:    kennysheep_orc_mage_school, layout_caves, basic_altar,
          bh_open_orc_temple, uniq_donald
Elf:1:    nicolae_elf_arrival_fired_up, layout_gridlike, minivault_28,
          st_stairs_7

Skill      XL: |  1  2  3  4  5  6  7  8  9 10 11 12 13 14 |
---------------+-------------------------------------------+-----
Maces & Flails | 4 5 6 7 15 16 | 16.1
Polearms       | 1 4 |  4.7
Fighting       | 4 5 7 9 11 14 | 14.9
Armour         | 3 5 6 8 11 14 | 14.7
Evocations     | 1 3 5 6 7 |  7.5
Shields        | 9 10 | 10.3
Dodging        | |  2.1

Action                   |  1- 3 |  4- 6 |  7- 9 | 10-12 | 13-15 || total
-------------------------+-------+-------+-------+-------+-------++-------
Melee: Mace              |    74 |    55 |       |       |       ||   129
       Headbutt          |     4 |     9 |    34 |   119 |    96 ||   262
       Punch             |       |     1 |     2 |    13 |     2 ||    18
       Spear             |       |    27 |   101 |       |       ||   128
       Kick              |       |     2 |    42 |       |       ||    44
       Flail             |       |       |   147 |   526 |   415 ||  1088
       Whip              |       |       |       |       |    75 ||    75
Invok: Berserk           |       |     3 |     4 |    21 |     9 ||    37
       Trog's Hand       |       |     1 |     2 |    15 |     5 ||    23
Evoke: Wand              |       |       |       |       |     1 ||     1
  Use: Scroll            |     5 |     1 |     6 |     5 |     4 ||    21
       Potion            |     1 |     7 |       |     3 |     6 ||    17
 Stab: Sleeping          |     1 |       |       |       |       ||     1
Armor: Animal skin       |     9 |       |       |       |       ||     9
       Chain mail        |     4 |    30 |    58 |       |       ||    92
       Scale mail        |       |       |    13 |   164 |   233 ||   410
Dodge: Dodged            |    52 |    45 |   115 |   258 |   276 ||   746
Block: Tower shield      |       |       |       |       |   267 ||   267
